 Dungeon Crawl Stone Soup version 0.30-a0-305-g026cb31310 (webtiles) character file.

Game seed: 16425846987141995795

211178 sleeves the Unseen (level 18, -4/116 (120) HPs)
             Began as an Octopode Fighter on Oct 22, 2022.
             Was the Champion of Hepliaklqana.
             Killed from afar by Asterion (6 damage)
             ... with a sticky flame
             ... on level 1 of the Vaults on Oct 23, 2022.
             The game lasted 01:13:57 (30626 turns).

sleeves the Unseen (Octopode Fighter)              Turns: 30626, Time: 01:13:57

HP:   -4/116 (120)  AC:  5    Str: 15    XL:     18   Next: 88%
MP:   25/25         EV: 34    Int: 17    God:    Hepliaklqana [******]
Gold: 3519          SH: 16    Dex: 25    Spells: 14/17 levels left

rFire   + . .      SeeInvis +    Y - +4 scimitar (flame)
rCold   . . .      Faith    .    h - +0 kite shield
rNeg    . . .      Spirit   .    (helmet restricted)
rPois   +          Reflect  .    p - amulet "Owef Gaiqebb" {rPois Will- Regen+ Dex+4}
rElec   .          Harm     .    k - +4 ring of protection
rCorr   .          Rampage  .    v - +4 ring of evasion
Will    ++...                    H - +6 ring of intelligence
Stlth   +++.......               a - ring of willpower
HPRegen 1.19/turn                L - ring of see invisible
MPRegen 0.19/turn                N - ring of protection from fire
                                 S - ring "Exoahed" {Will+ Dex+2}
                                 Z - +4 ring of evasion

@: on fire, silenced, hasted, glowing, lightly drained, very quick
A: reduced essence, almost no armour, amphibious, 8 rings, camouflage 1,
gelatinous body 1, (nimble swimmer 1), tentacles
}: 1/15 runes: gossamer
a: Renounce Religion


You were on level 1 of the Vaults.
You worshipped Hepliaklqana.
Hepliaklqana was exalted by your worship.
You visited 6 branches of the dungeon, and saw 28 of its levels.
You visited the Abyss 1 time.
You also visited: Sewer, Ossuary and Gauntlet.

You collected 3631 gold pieces.
You spent 112 gold pieces at shops.

Inventory:

Hand Weapons
 Y - a +4 scimitar of flaming (weapon)
   (You took it off an efreet on level 15 of the Dungeon)
Missiles
 D - a throwing net
 P - 3 curare-tipped darts
 R - 6 silver javelins
Armour
 h - a +0 kite shield (worn)
   (You took it off a gnoll sergeant on level 8 of the Dungeon)
 V - a +2 tower shield
   (You took it off Louise on level 3 of the Spider Nest)
Jewellery
 a - a ring of willpower (on tentacle)
   (You found it on level 1 of the Spider Nest)
 b - a ring of protection from cold
   (You found it on level 1 of the Spider Nest)
 k - a +4 ring of protection (left tentacle)
   (You found it on level 2 of the Dungeon)
 p - the amulet "Owef Gaiqebb" (around mantle) {rPois Will- Regen+ Dex+4}
   (You found it on level 2 of the Dungeon)

   [amulet of regeneration]

   Dex:       It affects your dexterity (+4).
   rPois:     It protects you from poison.
   Regen:     It increases your rate of health regeneration.
   Will:      It decreases your willpower.
 v - a +4 ring of evasion (right tentacle)
   (You found it on level 9 of the Dungeon)
 E - a ring of protection from cold
   (You found it on level 2 of the Spider Nest)
 H - a +6 ring of intelligence (on tentacle)
   (You found it on level 10 of the Dungeon)
 K - an amulet of guardian spirit
   (You found it on level 15 of the Dungeon)
 L - a ring of see invisible (on tentacle)
   (You found it on level 5 of the Lair of Beasts)
 N - a ring of protection from fire (on tentacle)
   (You found it on level 5 of the Lair of Beasts)
 S - the ring "Exoahed" (on tentacle) {Will+ Dex+2}
   (You found it in a Gauntlet)

   [ring of willpower]

   Dex:       It affects your dexterity (+2).
   Will:      It increases your willpower.
 T - a ring of poison resistance
   (You found it in a Gauntlet)
 Z - a +4 ring of evasion (on tentacle)
   (You found it on level 13 of the Dungeon)
Wands
 o - a wand of flame (20) (quivered)
   (You found it on level 2 of the Dungeon)
 x - a wand of mindburst (5)
   (You found it on level 9 of the Dungeon)
 y - a wand of roots (38)
   (You found it on level 4 of the Dungeon)
 G - a wand of charming (7)
   (You found it on level 15 of the Dungeon)
Scrolls
 d - a scroll of silence
 f - 9 scrolls of vulnerability
 i - 2 scrolls of torment
 j - 3 scrolls of teleportation
 l - 4 scrolls of fog
 q - 3 scrolls of enchant weapon
 u - 7 scrolls of immolation
 w - 3 scrolls of enchant armour
 z - 5 scrolls of magic mapping
 A - 5 scrolls of poison
 F - 5 scrolls of blinking
 J - 2 scrolls of brand weapon
 O - 5 scrolls of identify
 Q - a scroll of fear
 U - 3 scrolls of amnesia
Potions
 c - 4 potions of might
 e - 3 potions of cancellation
 g - 11 potions of curing
 m - 8 potions of haste
 n - 10 potions of brilliance
 r - 2 potions of resistance
 s - a potion of heal wounds
 t - 7 potions of flight
 B - 3 potions of attraction
 C - 5 potions of ambrosia
 I - 3 potions of magic
 M - 3 potions of lignification
 W - 3 potions of mutation
Miscellaneous
 X - a lightning rod (4/4)
   (You found it on level 12 of the Dungeon)


   Skills:
 - Level 15.0 Fighting
 - Level 14.0 Long Blades
 - Level 15.0 Dodging
 - Level 17.0 Stealth
 + Level 16.8 Shields
 - Level 8.0 Ice Magic
 - Level 10.0 Invocations


You had 14 spell levels left.
You knew the following spells:

 Your Spells              Type           Power      Damage    Failure   Level
a - Ozocubu's Armour      Ice            27%        N/A       4%          3

Your spell library contained the following spells:

 Spells                   Type           Power      Damage    Failure   Level
 Ensorcelled Hibernation  Hex/Ice        26%        N/A       11%         2
 Kiss of Death            Conj/Necr      0%         2d5       36%         1
 Sandblast                Erth           0%         2d4       36%         1
 Shock                    Conj/Air       0%         1d3       36%         1
 Summon Small Mammal      Summ           0%         N/A       36%         1
 Passwall                 Tmut/Erth      0%         N/A       50%         2
 Static Discharge         Conj/Air       0%         2-2/arc   50%         2
 Sublimation of Blood     Necr           0%         N/A       50%         2
 Wereblood                Tmut           0%         N/A       50%         2
 Call Canine Familiar     Summ           0%         N/A       75%         3
 Confusing Touch          Hex            0%         N/A       75%         3
 Portal Projectile        Hex/Tloc       0%         N/A       75%         3
 Spider Form              Tmut/Pois      0%         N/A       75%         3
 Stone Arrow              Conj/Erth      0%         3d7       75%         3
 Summon Guardian Golem    Hex/Summ       0%         N/A       75%         3
 Swiftness                Air            0%         N/A       75%         3
 Vhi's Electric Charge    Tloc/Air       0%         N/A       75%         3
 Airstrike                Air            0%         2d(0-16)  98%         4
 Dispel Undead            Necr           0%         3d6       98%         4
 Leda's Liquefaction      Hex/Erth       0%         N/A       98%         4
 Petrify                  Tmut/Erth      0%         N/A       98%         4
 Freezing Cloud           Conj/Ice/Air   4%         6-21      98%         5
 Alistair's Intoxication  Tmut/Pois      0%         N/A       100%        5
 Arcjolt                  Conj/Air       0%         1d10      100%        5
 Borgnjor's Vile Clutch   Necr/Erth      0%         N/A       100%        5
 Fireball                 Conj/Fire      0%         3d3       100%        5
 Iskenderun's Battlesphe  Conj           0%         2d6       100%        5
 Lightning Bolt           Conj/Air       0%         1d11      100%        5
 Conjure Ball Lightning   Conj/Air       0%         3x3d6     100%        6
 Eringya's Noxious Bog    Tmut/Pois      0%         N/A       100%        6
 Dragon Form              Tmut           0%         N/A       100%        7
 Orb of Destruction       Conj           0%         9d5       100%        7
 Ozocubu's Refrigeration  Ice            13%        4d10      100%        7
 Summon Hydra             Summ           0%         N/A       100%        7
 Discord                  Hex            0%         N/A       100%        8
 Disjunction              Tloc           0%         N/A       100%        8


Dungeon Overview and Level Annotations

Branches:
Dungeon (15/15)            Temple (1/1) D:4            Lair (5/5) D:10
 Shoals (0/4) Lair:3       Spider (4/4) Lair:2        Slime (0/5) Lair:4
    Orc (2/2) D:10            Elf (0/3) Orc:2        Vaults (1/5) D:13
 Depths (0/4) D:15          Sewer (visited)         Ossuary (visited)
Gauntlet (visited)

Altars:
Ashenzari
Cheibriados
Dithmenos
Elyvilon
Fedhas
Gozag
Hepliaklqana
Kikubaaqudgha
Makhleb
Nemelex Xobeh
Okawaru
Qazlal
Ru
Sif Muna
Trog
Uskayaw
Vehumet
Wu Jian
Xom
Yredelemnul
Zin
The Shining One
Jiyva

Shops:
D:7 *   Orc:1 [   Orc:2 *?![

Portals:
Trove: D:15 (give 12 potions of heal wounds)

Annotations:
D:8 3 runed translucent doors, hgbash's ghost, novice DsNe
Lair:2 3 runed translucent doors, Darkkill's ghost, journeyman MiHu
Lair:3 exclusion: oklob plant
Lair:4 exclusion: 2 oklob plants, Rupert
Spider:2 2 transporters, exclusion: orange crystal statue
Spider:3 Bai Suzhen
Vaults:1 Asterion


Innate Abilities, Weirdness & Mutations

Your life essence is reduced to manifest your ancestor. (-10% HP)
You cannot wear most types of armour.
You are amphibious.
You can wear up to eight rings at the same time.
Your skin changes colour to match your surroundings (Stealth+).
Your rubbery body absorbs attacks. (AC +1, EV +1)
((You are camouflaged when in or above water. (Stealth+)))
You have tentacles for arms and can constrict up to eight enemies at once.


Message History

You start resting.
A deep troll is nearby!
The deep troll bites Servia!
Servia blocks the deep troll's attack. x2
Servia hits the deep troll with a +0 broad axe of flaming!
Servia burns the deep troll.
You swap places.
You block the deep troll's attack. x3
You hit the deep troll but do no damage.
You squeeze the deep troll!
The deep troll is heavily wounded.
The deep troll completely misses you. The deep troll misses you.
The deep troll completely misses you.
You slice the deep troll!! You burn the deep troll. You squeeze the deep troll.
You kill the deep troll!
The troll leather armour is intact enough to wear.
No target in view!
No target in view!
A minotaur comes into view.
There is an open door, spattered with blood here.
Items here: ! " $ ( ) [[ †.
The minotaur completely misses you. You block the minotaur's attack.
You hit the minotaur. You burn the minotaur. You grab the minotaur.
You squeeze the minotaur!
The minotaur is lightly wounded.
You constrict the minotaur, but do no damage.
Servia hits the minotaur with a +0 broad axe of flaming!
Servia burns the minotaur.
You slash the minotaur! You burn the minotaur.
The minotaur is heavily wounded.
You constrict the minotaur, but do no damage.
You lose your grip on the quicksilver ooze.
The minotaur changes into a quicksilver ooze!
Servia hits the quicksilver ooze with a +0 broad axe of flaming!
Servia burns the quicksilver ooze.
You strike the helpless quicksilver ooze from behind!
You slice the quicksilver ooze!! You burn the quicksilver ooze.
Your squeeze misses the quicksilver ooze.
The quicksilver ooze is severely wounded.
You block the quicksilver ooze's attack.
The quicksilver ooze hits you but does no damage.
You slice the quicksilver ooze!! You burn the quicksilver ooze!
You kill the quicksilver ooze!
No target in view!
No target in view!
You swap places.
W - 3 potions of mutation (gained 1)
You now have 3197 gold pieces (gained 251).
Your pack is full.
There is an open door, spattered with blood here.
Items here: " ( ) [[ †.
Could not pick up an amulet of the acrobat here; ([A]lways) ignore it? [Y]es, [N]o, or [A]lways only, please.
Could not pick up an amulet of the acrobat here; ([A]lways) ignore it? [Y]es, [N]o, or [A]lways only, please.
Could not pick up an amulet of the acrobat here; ([A]lways) ignore it?
Autopickup disabled for amulets of the acrobat.
Ancestor HP restored.
A nagaraja comes into view. It is wielding a +0 spear.
A nagaraja is nearby!
A nagaraja is nearby!
A nagaraja is nearby!
The nagaraja points at you and mumbles some strange words.
The poison arrow misses you.
You hear a shout!
There is an open door here.
An ironbound preserver comes into view. It is wielding a +0 great mace.
The ironbound preserver moves out of view.
The yaktaur captain shoots a bolt.
The bolt barely misses you.
The nagaraja drinks a potion.
The nagaraja seems to speed up.
The yaktaur captain unwields a +0 arbalest.
The yaktaur captain closely misses you.
The nagaraja points at you and mumbles some strange words.
The poison arrow hits you!!
You are poisoned.
You partially resist.
You hear a shout! x3
You hit the yaktaur captain but do no damage.
You squeeze the yaktaur captain, but do no damage.
You feel sick.
The yaktaur captain completely misses you.
You slice the yaktaur captain!! You burn the yaktaur captain!
The yaktaur captain is moderately wounded.
You feel sick. The nagaraja casts a spell at you.
You feel firmly anchored in space. The yaktaur captain closely misses you.
Servia hits the nagaraja with a +0 broad axe of flaming.
Servia burns the nagaraja.
You barely miss the yaktaur captain. You squeeze the yaktaur captain.
The yaktaur captain is moderately wounded.
You feel sick. The nagaraja casts a spell at you. You block the poison arrow.
Servia hits the nagaraja with a +0 broad axe of flaming!!
Servia burns the nagaraja.
The yaktaur captain hits you!! The nagaraja spits poison at you.
The splash of poison misses you.
You are too injured to fight recklessly!
You are too injured to fight recklessly!
You are too injured to fight recklessly!
You cannot teleport because you are locked down by a dimension anchor.
You hit the yaktaur captain. You burn the yaktaur captain.
You squeeze the yaktaur captain, but do no damage.
The yaktaur captain is moderately wounded.
You feel sick.
A slime creature comes into view.
You barely miss the yaktaur captain.
The yaktaur captain is moderately wounded.
You feel sick.
Servia hits the nagaraja with a +0 broad axe of flaming!
Servia burns the nagaraja.
The yaktaur captain completely misses you.
The ironbound preserver gestures wildly while chanting.
The ironbound preserver begins to accept its allies' injuries.
A slime creature comes into view.
An ironbound preserver comes into view.
It is wielding a +0 morningstar and quivering poisoned darts.
A slime creature comes into view.
The nagaraja gestures at you while chanting.
The bolt of poison hits you!
You are more poisoned.
You resist.
You slice the yaktaur captain!! You burn the yaktaur captain.
The yaktaur captain is heavily wounded.
You feel very sick.
Servia hits the nagaraja with a +0 broad axe of flaming!
Servia burns the nagaraja.
The yaktaur captain hits you.
The nagaraja hits you from afar with a +0 spear!
* * * LOW HITPOINT WARNING * * *
You slice the yaktaur captain!! You burn the yaktaur captain.
You squeeze the yaktaur captain, but do no damage.
The yaktaur captain is severely wounded.
You feel very sick. The nagaraja casts a spell at you.
You resist with some effort.
Servia hits the nagaraja with a +0 broad axe of flaming.
Servia burns the nagaraja.
You block the yaktaur captain's attack.
You feel much better.
You feel very sick. You block the nagaraja's attack.
A deep troll comes into view.
You block the yaktaur captain's attack.
Servia barely misses the nagaraja.
Hepliaklqana grants Servia healing and protection!
You feel very sick. The nagaraja completely misses you.
An ironbound convoker comes into view.
It is wielding a +3 great mace of protection and carrying a wand of roots (5).
A slime creature comes into view.
The nagaraja spits poison at you. You block the splash of poison.
Servia hits the nagaraja with a +0 broad axe of flaming!
Servia burns the nagaraja.
Servia hits the ironbound preserver with a +0 broad axe of flaming!
Servia burns the ironbound preserver.
Servia hits the vault warden but does no damage.
Servia barely misses the deep troll.
You block the yaktaur captain's attack.
The vault warden activates a sealing rune.
The doors slam shut!
You slash the yaktaur captain! You burn the yaktaur captain.
You squeeze the yaktaur captain.
The yaktaur captain is almost dead.
You feel sick.
The nagaraja barely misses Servia.
Servia blocks the ironbound preserver's attack.
The deep troll bites Servia but does no damage.
Servia blocks the deep troll's attack.
The deep troll claws Servia but does no damage.
A slime creature comes into view.
The yaktaur captain hits you but does no damage.
Servia hits the deep troll but does no damage.
Servia barely misses the nagaraja.
Servia barely misses the ironbound preserver.
Servia hits the vault warden with a +0 broad axe of flaming!!
Servia burns the vault warden.
You slice the yaktaur captain!! You burn the yaktaur captain.
You squeeze the yaktaur captain.
You kill the yaktaur captain!
You feel sick.
Servia blocks the nagaraja's attack.
Servia blocks the vault warden's attack.
Servia blocks the deep troll's attack.
The deep troll claws Servia.
The deep troll claws Servia but does no damage.
The ironbound preserver mumbles some strange words.
The ironbound preserver begins to accept its allies' injuries.
The ironbound preserver hits Servia with a +0 great mace.
You feel sick.
The nagaraja hits Servia with a +0 spear!!
Servia hits the nagaraja with a +0 broad axe of flaming!!
Servia burns the nagaraja!
The nagaraja dies!
Servia hits the ironbound preserver with a +0 broad axe of flaming!!
Servia burns the ironbound preserver.
Servia closely misses the vault warden.
Servia hits the deep troll with a +0 broad axe of flaming!!
Servia burns the deep troll.
Servia hits the slime creature with a +0 broad axe of flaming!
Servia burns the slime creature.
The vault warden activates a sealing rune.
The deep troll bites Servia but does no damage.
Servia blocks the deep troll's attack. x2
A deep troll comes into view.
You block the slime creature's attack.
Things that are here:
a +0 arbalest; a yaktaur corpse The slime creature attacks as you move away!
The slime creature completely misses you.
You feel sick.
Servia hits the deep troll with a +0 broad axe of flaming!
Servia burns the deep troll.
Servia hits the slime creature with a +0 broad axe of flaming!!
Servia burns the slime creature.
Servia hits the ironbound preserver with a +0 broad axe of flaming!!
Servia burns the ironbound preserver.
Servia hits the slime creature with a +0 broad axe of flaming!
Servia burns the slime creature.
Servia completely misses the vault warden.
The deep troll bites Servia!
Servia blocks the deep troll's attack.
The deep troll claws Servia but does no damage.
The slime creature completely misses you.
The slime creature hits Servia but does no damage.
You feel sick.
Servia hits the slime creature with a +0 broad axe of flaming!!!
Servia burns the slime creature.
Servia closely misses the deep troll.
Servia barely misses the vault warden.
Servia hits the ironbound preserver with a +0 broad axe of flaming.
Servia burns the ironbound preserver.
The ironbound preserver dies!
The ironbound preserver hits Servia but does no damage.
Servia blocks the deep troll's attack.
The deep troll claws Servia!
The deep troll claws Servia but does no damage.
Two slime creatures merge to form a large slime creature.
You feel sick.
Servia hits the deep troll with a +0 broad axe of flaming!
Servia burns the deep troll!
Servia hits the large slime creature with a +0 broad axe of flaming!
Servia burns the large slime creature.
Servia hits the ironbound preserver with a +0 broad axe of flaming!!
Servia burns the ironbound preserver!
Servia hits the vault warden with a +0 broad axe of flaming!!
Servia burns the vault warden!
The vault warden hits Servia with a +4 great mace of venom!
The ironbound preserver hits Servia with a +0 morningstar.
Servia is destroyed!
You block the deep troll's attack. x2; The deep troll closely misses you.
Two slime creatures merge to form a large slime creature.
The ironbound preserver shouts!
The vault warden shouts!
You feel sick.
The ironbound convoker points at the vault warden and mumbles some strange words.
The vault warden seems to grow stronger.
The deep troll attacks as you move away!
The deep troll completely misses you. You block the deep troll's attack.
The deep troll claws you.
* * * LOW HITPOINT WARNING * * *
You feel sick.
You are no longer poisoned.
The ironbound convoker gestures at the large slime creature while chanting.
The large slime creature seems to grow stronger.
The slime creature attacks as you move away!
The slime creature hits you but does no damage.
The deep troll attacks as you move away!
You block the deep troll's attack. x2; The deep troll completely misses you.
A deep troll earth mage comes into view.
The air fills with toxic fumes!
As you read the scroll of poison, it crumbles to dust.
You block the deep troll's attack. The deep troll claws you.
* * * LOW HITPOINT WARNING * * *
The deep troll barely misses you. The slime creature misses you.
Two slime creatures merge to form a very large slime creature.
The vault warden is engulfed in poison gas.
The vault warden is poisoned.
The ettin is poisoned.
The ironbound convoker is engulfed in poison gas.
The ironbound convoker is poisoned.
The runic seal fades away.
The vault warden activates a sealing rune.
The ironbound convoker is engulfed in poison gas.
The ironbound convoker looks even sicker.
The deep troll is engulfed in poison gas.
The deep troll is poisoned.
The ettin is engulfed in poison gas.
The ettin looks even sicker.
The runic seal fades away.
The deep troll is engulfed in poison gas.
The deep troll looks even sicker.
The ettin is engulfed in poison gas.
The ettin looks even sicker.
The vault warden activates a sealing rune.
The deep troll is engulfed in poison gas.
The deep troll is poisoned.
The deep troll is engulfed in poison gas.
The deep troll looks even sicker.
The ettin is engulfed in poison gas.
The ettin looks as sick as possible!
You hit the deep troll but do no damage.
Your squeeze misses the deep troll.
The deep troll is lightly wounded.
You are no longer firmly anchored in space.
The deep troll is engulfed in poison gas.
The deep troll looks even sicker.
The deep troll barely misses you. The deep troll closely misses you.
The deep troll completely misses you.
The deep troll is engulfed in poison gas.
The deep troll looks as sick as possible!
The deep troll misses you. You block the deep troll's attack. x2
The ettin is engulfed in poison gas.
The ettin looks as sick as possible!
Blink to where?
Press: ? - help, Dir - move target
Okay, then.
You feel very mighty all of a sudden.
The ettin is engulfed in poison gas.
The ettin looks as sick as possible!
The deep troll is engulfed in poison gas.
The deep troll looks even sicker.
You block the deep troll's attack. x2
The deep troll barely misses you.
The deep troll is engulfed in poison gas.
The deep troll looks as sick as possible!
The deep troll completely misses you. x3
The very large slime creature misses you.
Two slime creatures merge to form a titanic slime creature.
The ironbound convoker casts a spell at the deep troll.
The deep troll seems to grow stronger.
You slice the ettin!! You burn the ettin! You squeeze the ettin.
You kill the ettin!
You slice the titanic slime creature!! You burn the titanic slime creature!
Your squeeze misses the titanic slime creature.
The titanic slime creature is moderately wounded.
The deep troll is engulfed in poison gas.
The deep troll looks as sick as possible!
You block the deep troll's attack.
The deep troll completely misses you. x2
The deep troll is engulfed in poison gas.
The deep troll looks as sick as possible!
You block the deep troll's attack. The deep troll claws you!
* * * LOW HITPOINT WARNING * * *
The deep troll closely misses you.
The deep troll is engulfed in poison gas.
The deep troll looks as sick as possible!
The deep troll completely misses you. You block the deep troll's attack.
The deep troll misses you.
The deep troll is engulfed in poison gas.
The deep troll looks as sick as possible!
Things that are here:
a +0 dire flail; a +0 dire flail The deep troll is engulfed in poison gas.
The deep troll looks as sick as possible!
The deep troll is engulfed in poison gas.
The deep troll looks as sick as possible!
You kill the deep troll!
A titanic slime creature splits.
The deep troll is engulfed in poison gas.
The deep troll looks as sick as possible!
A very large slime creature splits.
The vault warden activates a sealing rune.
A large slime creature splits.
The vault warden looks more healthy.
The deep troll is engulfed in poison gas.
The deep troll looks as sick as possible!
The ironbound preserver casts a spell.
The ironbound preserver is healed somewhat.
The slime creature closely misses you.
Two slime creatures merge to form a large slime creature.
You slash the deep troll! You burn the deep troll.
The deep troll is almost dead.
Two slime creatures merge to form an enormous slime creature.
The deep troll completely misses you. You block the deep troll's attack. x2
You slash the deep troll! You burn the deep troll.
You kill the deep troll!
The runic seal fades away.
The ironbound preserver is engulfed in poison gas.
The ironbound preserver is poisoned.
The ironbound convoker zaps a wand.
The roots erupt in riotous growth!
The enormous slime creature is unaffected.
The grasping roots grab you!
The slime creature is unaffected.
The grasping roots constrict you.
The deep troll earth mage shouts!
You hear a bellow!
You hear a shout!
You hear a roar!
You hear a shout!
You hear a roar!
As you read the scroll of teleportation, it crumbles to dust.
You feel strangely unstable.
The slime creature no longer looks unusually strong.
The enormous slime creature no longer looks unusually strong.
The slime creature closely misses you.
An enormous slime creature splits.
The grasping roots constrict you!
* * * LOW HITPOINT WARNING * * *
You escape the roots grasp.
The slime creature attacks as you move away!
The slime creature closely misses you.
Two slime creatures merge to form a very large slime creature.
The vault warden activates a sealing rune.
You block the large slime creature's attack.
The large slime creature attacks as you move away!
The large slime creature completely misses you.
Asterion the Fallen King comes into view.
He is wielding a +5 morningstar of protection.
Asterion mumbles some strange prayers to Makhleb.
The ironbound preserver throws a poisoned dart.
The poisoned dart closely misses you.
An ironbound preserver comes into view. It is wielding a +0 great mace.
The ironbound preserver gestures wildly while chanting.
The ironbound preserver begins to accept its allies' injuries.
A lindwurm comes into view.
Asterion mumbles some strange prayers to Makhleb.
Asterion seems to speed up.
The ironbound preserver unwields a +0 great mace.
The ironbound preserver wields a +0 arbalest.
The ironbound preserver shoots a bolt.
The bolt completely misses you.
A lindwurm comes into view.
Your surroundings seem slightly different.
Asterion hits you with a +5 morningstar of protection!!
* * * LOW HITPOINT WARNING * * *
Asterion gores you.
* * * LOW HITPOINT WARNING * * *
The lindwurm misses you. You block the lindwurm's attack.
The lindwurm completely misses you. You block the cacodemon's attack.
The cacodemon closely misses you.
The lindwurm moves out of view.
Blink to where?
Press: ? - help, Dir - move target A gnoll comes into view.
As you read the scroll of blinking, it crumbles to dust.
Asterion conjures a destructive force in the name of Makhleb!
The bolt of lightning misses you.
Blink to where?
Press: ? - help, Dir - move target
As you read the scroll of blinking, it crumbles to dust.
The gnoll completely misses you.
The gnoll changes into a hobgoblin!
You open the door.
There is an open door here.
The hobgoblin changes into an adder!
You see here a +3 bardiche.
You open the door.
There is an open door, spattered with blood here.
Things that are here:
a +0 chain mail of willpower; a +0 troll leather armour; a deep troll corpse The adder attacks as you move away!
You block the adder's attack. The adder attacks as you move away!
The adder bites you.
* * * LOW HITPOINT WARNING * * *
You are poisoned.
The adder poisons you!
You feel sick. The adder attacks as you move away!
The adder completely misses you.
You feel sick. You block the adder's attack.
You slice the adder!! You burn the adder.
You kill the adder!
You feel sick.
You feel sick.
You see here a glowing shapeshifter corpse.
You feel sick.
You feel sick.
You are no longer poisoned.
You feel a little less mighty now.
Servia emerges from the mists of memory!
You swap places.
A deep troll earth mage is nearby!
A deep troll earth mage is nearby!
A deep troll earth mage is nearby!
A deep troll earth mage is nearby!
You slash the deep troll earth mage! You burn the deep troll earth mage.
You squeeze the deep troll earth mage.
The deep troll earth mage is moderately wounded.
You block the deep troll earth mage's attack. x2
The deep troll earth mage completely misses you.
You closely miss the deep troll earth mage.
The deep troll earth mage is moderately wounded.
Servia hits the deep troll earth mage with a +0 broad axe of flaming.
Servia burns the deep troll earth mage.
You block the deep troll earth mage's attack. x3
You slash the deep troll earth mage! You burn the deep troll earth mage.
You squeeze the deep troll earth mage, but do no damage.
The deep troll earth mage is heavily wounded.
Servia hits the deep troll earth mage with a +0 broad axe of flaming!
Servia burns the deep troll earth mage.
The deep troll earth mage bites you!
The deep troll earth mage completely misses you.
You block the deep troll earth mage's attack.
You are too injured to fight recklessly!
You are too injured to fight recklessly!
You are too injured to fight recklessly!
You are too injured to fight recklessly!
You hit the deep troll earth mage but do no damage.
You squeeze the deep troll earth mage.
The deep troll earth mage is almost dead.
Servia hits the deep troll earth mage with a +0 broad axe of flaming!
Servia burns the deep troll earth mage.
The deep troll earth mage dies!
An ironbound preserver is nearby!
An ironbound preserver is nearby!
Things that are here:
a +0 chain mail of willpower; a +0 troll leather armour; a deep troll corpse Servia hits the ironbound preserver with a +0 broad axe of flaming!
Servia burns the ironbound preserver.
The ironbound preserver shoots a bolt.
Servia blocks the bolt.
Servia hits the ironbound preserver with a +0 broad axe of flaming.
Servia burns the ironbound preserver.
You swap places.
The ironbound preserver unwields a +0 arbalest.
The ironbound preserver wields a +0 great mace.
You block the ironbound preserver's attack.
Things that are here:
a +0 chain mail of willpower; a +0 troll leather armour; a deep troll corpse You slash the ironbound preserver!
You burn the ironbound preserver.
Your grab misses the ironbound preserver.
You squeeze the ironbound preserver.
The ironbound preserver is moderately wounded.
The ironbound preserver hits you with a +0 great mace!!
You slash the ironbound preserver! You burn the ironbound preserver.
You grab the ironbound preserver.
The ironbound preserver is heavily wounded.
You constrict the ironbound preserver.
The ironbound preserver completely misses you.
You slice the ironbound preserver!! You burn the ironbound preserver!
The ironbound preserver is severely wounded.
You constrict the ironbound preserver.
Servia hits the ironbound preserver with a +0 broad axe of flaming!
Servia burns the ironbound preserver.
You hit the ironbound preserver but do no damage.
The ironbound preserver is almost dead.
You constrict the ironbound preserver.
The ironbound preserver gestures wildly while chanting.
The ironbound preserver begins to accept its allies' injuries.
Servia hits the ironbound preserver with a +0 broad axe of flaming.
Servia burns the ironbound preserver.
You slash the ironbound preserver! You burn the ironbound preserver.
You kill the ironbound preserver!
The cacodemon gestures at you. You resist with almost no effort.
Servia hits the cacodemon with a +0 broad axe of flaming!
Servia burns the cacodemon.
The cacodemon closely misses Servia.
The cacodemon hits Servia.
Servia hits the cacodemon with a +0 broad axe of flaming.
Servia burns the cacodemon.
The cacodemon hits Servia but does no damage.
Servia blocks the cacodemon's attack.
You see here a glowing shapeshifter corpse.
Servia hits the cacodemon with a +0 broad axe of flaming.
Servia burns the cacodemon.
The cacodemon gestures at you.
Servia appears confused.
Servia closely misses the cacodemon.
The cacodemon hits Servia!!
The cacodemon barely misses Servia.
Servia closely misses the cacodemon.
The cacodemon hits Servia. x2
There is an open door, spattered with blood here.
HP restored.
Ancestor HP restored.
You swap places.
There is an open door, spattered with blood here.
A vault warden is nearby!
A vault warden is nearby!
A vault warden is nearby!
A vault warden is nearby!
You hit the vault warden but do no damage.
Your grab misses the vault warden. You squeeze the vault warden.
The vault warden is lightly wounded.
The vault warden completely misses you.
You hit the vault warden but do no damage.
Your grab misses the vault warden.
The vault warden is lightly wounded.
Servia hits the vault warden with a +0 broad axe of flaming!
Servia burns the vault warden.
You slice the vault warden!! You burn the vault warden!
Your grab misses the vault warden.
The vault warden is heavily wounded.
The vault warden completely misses you.
Servia hits the vault warden with a +0 broad axe of flaming.
Servia burns the vault warden.
You slash the vault warden! You burn the vault warden.
You grab the vault warden.
The vault warden is severely wounded.
You constrict the vault warden, but do no damage.
You block the vault warden's attack.
Servia hits the vault warden with a +0 broad axe of flaming!
Servia burns the vault warden.
You hit the vault warden. You burn the vault warden.
You squeeze the vault warden, but do no damage.
The vault warden is almost dead.
You constrict the vault warden.
The vault warden hits you with a +4 great mace of venom!!
You are poisoned.
You slash the vault warden! You burn the vault warden.
You kill the vault warden!
You feel very sick.
No target in view!
You feel very sick.
You feel very sick.
You feel very sick.
You feel very sick.
You feel sick.
You feel sick.
You feel sick.
You feel sick.
You feel sick.
You feel sick.
You feel sick.
You feel sick.
You are no longer poisoned.
You now have 3229 gold pieces (gained 32).
Things that are here:
a +4 great mace of venom; a +0 chain mail You see here a glowing shapeshifter corpse.
Things that are here:
a +0 chain mail of willpower; a +0 troll leather armour; a deep troll skeleton
O - 4 scrolls of identify (gained 1)
There is an open door, spattered with blood here.
Items here: ( )) [ †.
You see here a +3 bardiche.
There are monsters nearby!
There are monsters nearby!
The slime creature quivers.
Servia completely misses the slime creature.
Servia hits the slime creature with a +0 broad axe of flaming!
Servia burns the slime creature.
Servia blocks the slime creature's attack. x2
Servia hits the slime creature with a +0 broad axe of flaming!
Servia burns the slime creature.
Servia closely misses the slime creature.
Two slime creatures merge to form a large slime creature.
Servia blocks the slime creature's attack.
Servia hits the slime creature with a +0 broad axe of flaming!
Servia burns the slime creature.
Servia hits the large slime creature with a +0 broad axe of flaming!
Servia burns the large slime creature.
The slime creature hits Servia but does no damage.
Servia hits the slime creature with a +0 broad axe of flaming.
Servia burns the slime creature.
Servia hits the large slime creature with a +0 broad axe of flaming!
Servia burns the large slime creature.
Servia hits something with a +0 broad axe of flaming!
Servia burns something.
The slime creature hits Servia!
The large slime creature barely misses Servia.
Something hits Servia but does no damage.
You see here a +3 bardiche.
Servia hits the slime creature with a +0 broad axe of flaming!
Servia burns the slime creature!
Servia hits something with a +0 broad axe of flaming!
Servia burns something.
Servia hits the large slime creature with a +0 broad axe of flaming!
Servia burns the large slime creature.
Servia blocks the slime creature's attack.
Servia blocks the large slime creature's attack.
Something hits Servia!
There is an open door, spattered with blood here.
Items here: ( )) [ †.
Things that are here:
a +0 chain mail of willpower; a +0 troll leather armour; a deep troll skeleton Servia is recalled.
No target in view!
The slime creature quivers.
The slime creature completely misses you.
Things that are here:
a +0 chain mail of willpower; a +0 troll leather armour; a deep troll skeleton You hit the slime creature.
You burn the slime creature.
The slime creature is severely wounded.
You block the slime creature's attack.
You hit the slime creature. You burn the slime creature.
The slime creature is severely wounded.
You completely miss the slime creature. You squeeze the slime creature!
The slime creature is almost dead.
The slime creature misses you.
You slice the slime creature!! You burn the slime creature.
You kill the slime creature!
You slice the slime creature!! You burn the slime creature!
You squeeze the slime creature.
You kill the slime creature!
No target in view!
Servia hits the ironbound preserver with a +0 broad axe of flaming.
Servia burns the ironbound preserver.
The ironbound preserver throws a poisoned dart.
Servia blocks the poisoned dart.
Servia hits the ironbound preserver with a +0 broad axe of flaming!!
Servia burns the ironbound preserver.
The ironbound preserver throws a poisoned dart.
Servia blocks the poisoned dart.
You see here a glowing shapeshifter skeleton.
Servia hits the ironbound preserver with a +0 broad axe of flaming!
Servia burns the ironbound preserver.
Servia blocks the ironbound preserver's attack.
What are your orders? t - Shout!
Orders for allies: a - Attack new target. r - Retreat! s - Stop attacking. g - Guard the area. f - Follow me.
Anything else - Cancel.
Follow me!
You see here a glowing shapeshifter skeleton.
You swap places.
The ironbound preserver closely misses you.
You hit the ironbound preserver. You burn the ironbound preserver.
You grab the ironbound preserver.
You squeeze the ironbound preserver, but do no damage.
The ironbound preserver is heavily wounded.
You constrict the ironbound preserver.
You block the ironbound preserver's attack.
You slash the ironbound preserver! You burn the ironbound preserver.
You tentacle-slap the ironbound preserver.
The ironbound preserver is severely wounded.
You constrict the ironbound preserver.
Servia hits the ironbound preserver with a +0 broad axe of flaming.
Servia burns the ironbound preserver.
Servia hits the deep troll with a +0 broad axe of flaming!
Servia burns the deep troll.
You hit the ironbound preserver. You burn the ironbound preserver.
You tentacle-slap the ironbound preserver, but do no damage.
The ironbound preserver is severely wounded.
You constrict the ironbound preserver.
The ironbound preserver gestures wildly while chanting.
The ironbound preserver begins to accept its allies' injuries.
You block the deep troll's attack. The deep troll completely misses you.
The deep troll misses you.
You slash the ironbound preserver! You burn the ironbound preserver.
The ironbound preserver is almost dead.
You constrict the ironbound preserver.
Servia completely misses the ironbound preserver.
Servia hits the deep troll with a +0 broad axe of flaming.
Servia burns the deep troll.
The deep troll completely misses you. You block the deep troll's attack.
The deep troll claws you!
The ironbound preserver completely misses you.
You hit the ironbound preserver. You burn the ironbound preserver.
You squeeze the ironbound preserver.
The ironbound preserver is almost dead.
You constrict the ironbound preserver.
Servia hits the ironbound preserver with a +0 broad axe of flaming!!
Servia burns the ironbound preserver.
The ironbound preserver dies!
Servia hits the deep troll with a +0 broad axe of flaming.
Servia burns the deep troll.
The deep troll misses you. The deep troll completely misses you.
You block the deep troll's attack.
You hit the deep troll. You burn the deep troll.
The deep troll is heavily wounded.
Servia hits the deep troll with a +0 broad axe of flaming.
Servia burns the deep troll.
The deep troll bites Servia!!
The deep troll claws Servia.
Servia blocks the deep troll's attack.
You hit the deep troll. You burn the deep troll.
Your squeeze misses the deep troll.
The deep troll is heavily wounded.
Servia barely misses the deep troll.
You slash the deep troll! You burn the deep troll. You squeeze the deep troll.
You kill the deep troll!
The troll leather armour is intact enough to wear.
You slash the slime creature! You burn the slime creature.
The slime creature is moderately wounded.
Servia hits the slime creature with a +0 broad axe of flaming!
Servia burns the slime creature.
You block the slime creature's attack.
You hit the slime creature but do no damage.
You squeeze the slime creature, but do no damage.
The slime creature is moderately wounded.
Servia hits the slime creature with a +0 broad axe of flaming!!
Servia burns the slime creature!
You hit the slime creature but do no damage.
You squeeze the slime creature!
You kill the slime creature!
Servia hits the slime creature with a +0 broad axe of flaming!
Servia burns the slime creature.
You slice the slime creature!! You burn the slime creature.
Your squeeze misses the slime creature.
The slime creature is severely wounded.
The slime creature closely misses you.
Servia hits the slime creature with a +0 broad axe of flaming!
Servia burns the slime creature!
The slime creature dies!
No target in view!
No target in view!
You see here a glowing shapeshifter skeleton.
HP restored.
Things that are here:
a +4 great mace of venom; a +0 chain mail
Things that are here:
a +2 halberd of flaming; a +0 plate armour You swap places.
Ancestor HP restored.
Things that are here:
a +4 great mace of venom; a +0 chain mail You see here a glowing shapeshifter skeleton.
You now have 3309 gold pieces (gained 80).
Items here: ( ) [ †.
Things that are here:
a +0 chain mail of willpower; a +0 troll leather armour; a deep troll skeleton
There is an open door here.
Items here: ( )) [ †.
You see here a +3 bardiche.
There is an open door here.
There are monsters nearby!
There are monsters nearby!
You swap places.
A blast of flame appears from out of your range of vision.
The blast of flame hits Servia.
Servia resists.
You see here a +3 bardiche.
There is an open door here.
Items here: ( )) [ †.
You see here 9 stones.
Things that are here:
a +0 troll leather armour; a deep troll corpse
Items here: ( ) [ †.
Things that are here:
a +0 chain mail of willpower; a +0 troll leather armour; a deep troll skeleton The lindwurm breathes flames at you.
The blast of flame misses you.
There is an open door here.
Items here: ( )) [ †.
You barely miss the lindwurm. Your squeeze misses the lindwurm.
You block the lindwurm's attack. The lindwurm completely misses you.
You block the lindwurm's attack.
You hit the lindwurm. You burn the lindwurm.
The lindwurm is lightly wounded.
The lindwurm misses you. You block the lindwurm's attack.
The lindwurm claws you.
The slime creature completely misses you.
You slash the lindwurm! You burn the lindwurm. You squeeze the lindwurm.
The lindwurm is heavily wounded.
You block the lindwurm's attack. x2; The lindwurm completely misses you.
You slash the lindwurm! You burn the lindwurm. You squeeze the lindwurm.
The lindwurm is almost dead.
The slime creature completely misses you.
The lindwurm completely misses you. You block the lindwurm's attack. x2
You slash the lindwurm! You burn the lindwurm.
You kill the lindwurm!
You block the slime creature's attack.
You slice the slime creature!! You burn the slime creature!
You squeeze the slime creature!
The slime creature is severely wounded.
The slime creature completely misses you.
You slash the slime creature! You burn the slime creature.
The slime creature is almost dead.
The slime creature completely misses you.
You slice the slime creature!! You burn the slime creature.
You kill the slime creature!
No target in view!
Things that are here:
a +0 chain mail of willpower; a +0 troll leather armour; a deep troll skeleton
Things that are here:
a +0 troll leather armour; a deep troll corpse
Things that are here:
a +0 chain mail of willpower; a +0 troll leather armour; a deep troll skeleton
There is an open door here.
Items here: ( )) [ †.
You see here a +3 bardiche.
There is an open door here.
There are monsters nearby!
There are monsters nearby!
You swap places.
You see here a +3 bardiche.
There is an open door here.
Items here: ( )) [ ÷.
Things that are here:
a +0 chain mail of willpower; a +0 troll leather armour; a deep troll skeleton
Items here: ( ) [ †.
You see here a glowing shapeshifter skeleton.
Search for what [? for help]? misc Unknown command.
Unknown command.
Unknown command.
Unknown command.
The ironbound convoker zaps a wand.
The roots erupt in riotous growth!
The grasping roots grab you!
Servia is unaffected.
The grasping roots constrict you!
You escape the roots grasp.
The ironbound convoker misses you.
Servia barely misses the ironbound convoker.
The ironbound convoker zaps a wand.
The roots erupt in riotous growth!
The grasping roots grab you!
The ironbound convoker is unaffected.
The grasping roots constrict you!
You hit the ironbound convoker but do no damage.
Your grab misses the ironbound convoker.
Your squeeze misses the ironbound convoker.
Servia hits the ironbound convoker with a +0 broad axe of flaming.
Servia burns the ironbound convoker.
You block the ironbound convoker's attack.
The grasping roots constrict you!
You slash the ironbound convoker! You burn the ironbound convoker.
Your grab misses the ironbound convoker.
You squeeze the ironbound convoker.
The ironbound convoker is heavily wounded.
Servia hits the ironbound convoker with a +0 broad axe of flaming!
Servia burns the ironbound convoker.
You slash the ironbound convoker! You burn the ironbound convoker.
You kill the ironbound convoker!
There is an open door, spattered with blood here.
You start resting.
HP restored.
Items here: )))) [[[[[.
Okay, then.
Okay, then.
You swap places.
Items here: )))) [[[[[.
There is an open door, spattered with blood here.
y - a wand of roots (30) (gained 2 charges)
t - 7 potions of flight (gained 1)
You now have 3333 gold pieces (gained 24).
Things that are here:
a +3 great mace of protection; a +0 ring mail
Things that are here:
a +4 great mace of venom; a +0 chain mail You see here a glowing shapeshifter skeleton.
Items here: ( ) [ †.
Things that are here:
a +0 chain mail of willpower; a +0 troll leather armour; a deep troll skeleton
There is an open door here.
Items here: ( )) [ ÷.
You see here a +3 bardiche.
There is an open door here.
Items here: ! $ ) ? [.
A lindwurm is nearby!
A lindwurm is nearby!
A lindwurm is nearby!
You swap places.
There is an open door here.
You swap places.
There is an open door here.
A lindwurm is nearby!
You swap places.
You swap places.
There is an open door here.
The lindwurm breathes flames at Servia.
The blast of flame misses you.
The blast of flame hits Servia!
Servia resists.
You block the lindwurm's attack. x3
You slice the lindwurm!! You burn the lindwurm!
The lindwurm is severely wounded.
The lindwurm misses you. The lindwurm completely misses you.
You block the lindwurm's attack.
You hit the lindwurm. You burn the lindwurm.
The lindwurm is severely wounded.
Servia hits the lindwurm with a +0 broad axe of flaming!
Servia burns the lindwurm.
The lindwurm dies!
No target in view!
There is an open door here.
You swap places.
There is an open door here.
m - 9 potions of haste (gained 1);
O - 5 scrolls of identify (gained 1)
You now have 3379 gold pieces (gained 46).
Things that are here:
a +0 spear; a +0 robe Ancestor HP restored.
You now have 3519 gold pieces (gained 140).
Things that are here:
a +0 great mace; a +0 ring mail; a human skeleton
There is an open door here.
Things that are here:
a +0 buckler; a +2 long sword
y - a wand of roots (38) (gained 8 charges)
You swap places.
There is an open door here.
You open the door.
Found a shortbow.
Found a ring mail and 6 stones.
There is an open door here.
You see here a +5 giant club.
You see here a +2 long sword of distortion.
You swap places.
There is an open door here.
Asterion is nearby!
Asterion is nearby!
Asterion is nearby!
Asterion utters an invocation to Makhleb.
Asterion seems to speed up.
Okay, then.
You can't see any enemies this would affect, really read the scroll of silence?
As you read the scroll of silence, it crumbles to dust.
A profound silence engulfs you.
Servia hits Asterion but does no damage.
Asterion hits you with a +5 morningstar of protection!!
Asterion gores you! You block Asterion's attack. Asterion closely misses you.
Servia hits Asterion with a +0 broad axe of flaming!!
Servia burns Asterion.
You hit Asterion. You burn Asterion. Asterion blocks your attack.
You squeeze Asterion, but do no damage.
Asterion is moderately wounded.
Asterion closely misses you. You block Asterion's attack.
Servia hits Asterion with a +0 broad axe of flaming.
Servia burns Asterion.
Asterion blocks your attack. x2; You squeeze Asterion, but do no damage.
Asterion is moderately wounded.
You block Asterion's attack. Asterion completely misses you.
Asterion blocks your attack. x3
Asterion is moderately wounded.
You block Asterion's attack. Asterion closely misses you.
Servia hits Asterion with a +0 broad axe of flaming!
Servia burns Asterion.
Asterion hits you with a +5 morningstar of protection!!!
* * * LOW HITPOINT WARNING * * *
You block Asterion's attack.
You hit Asterion but do no damage. Asterion blocks your attack. x2
Asterion is moderately wounded.
Servia hits Asterion but does no damage.
Asterion hits you with a +5 morningstar of protection!
* * * LOW HITPOINT WARNING * * *
Asterion misses you. Asterion attacks as you move away!
You block Asterion's attack. Asterion gores you.
* * * LOW HITPOINT WARNING * * *
Asterion hits Servia with a +5 morningstar of protection!!
Asterion gores Servia but does no damage.
Servia hits Asterion but does no damage.
Servia blocks Asterion's attack. x2; Asterion blocks Servia's attack.
Asterion hits Servia with a +5 morningstar of protection!!
Asterion gores Servia but does no damage.
Servia blocks Asterion's attack.
Asterion gores Servia but does no damage.
Asterion blocks Servia's attack.
You feel yourself speed up.
Servia blocks Asterion's attack. x2
Servia hits Asterion but does no damage.
Servia blocks Asterion's attack.
Asterion gores Servia but does no damage.
Asterion conjures a destructive force in the name of Makhleb!
The bolt of negative energy hits you!
You feel drained.
* * * LOW HITPOINT WARNING * * *
Servia hits Asterion but does no damage.
Servia hits Asterion with a +0 broad axe of flaming!
Servia burns Asterion.
Asterion conjures a destructive force in the name of Makhleb!
The bolt of lightning hits you!!
* * * LOW HITPOINT WARNING * * *
Asterion conjures a destructive force in the name of Makhleb!
The sticky flame hits you. You resist.
You are covered in liquid flames!
You die...

..........................#)..)..
..........................#......
.######################...#######
.######################..........
.##.).#...#...#..")(.##..........
.##).(#...#...#..)#R.##..........
.##...#...#...#...#)[##.#########
.##).[#[..#...#...#..##.#.......'
.###'###'###'###@##÷.##.#......R#
.##.........).....#..##.#.......#
.##........)......#..##.#.......#
.##).........)....#).##.#.......#
.##..........H....#..##.#.......#
.##........R......#..##.#.......#
.##...............#..##.#.......#
.##...............#.)##.#......)#
.##...............#..##.#.......#


You could see the friendly Servia the knight and Asterion (fast, ally target).

Vanquished Creatures
  Mlioglotl (Spider:4)
  Jorgrun (Orc:2)
  Agnes (Spider:4)
  2 tengu reavers (Vaults:1)
  2 vault wardens (Vaults:1)
  4 emperor scorpions
  5 ghost moths
  A quicksilver ooze (shapeshifter) (Vaults:1)
  A very ugly thing (Vaults:1)
  2 ironbound preservers (Vaults:1)
  An ironbound thunderhulk (Vaults:1)
  A broodmother (Spider:4)
  A stone giant (Vaults:1)
  5 spark wasps
  A yaktaur captain (Vaults:1)
  An ettin (Vaults:1)
  An entropy weaver (Spider:1)
  A great orb of eyes (Abyss:3)
  9 vault guards
  A jorogumo (Spider:2)
  4 hydras
  5 radroaches
  A catoblepas (Vaults:1)
  An ogre mage (D:15)
  An ironbound frostheart (Vaults:1)
  10 centaur warriors
  6 death yaks
  3 boulder beetles
  7 two-headed ogres
  3 orc high priests (Orc:2)
  Urug (Lair:4)
  A deep elf knight (D:13)
  Sonja (Orc:2)
  A hell knight (Vaults:1)
  A fire crab (Gauntlet)
  A fire crab (shapeshifter) (D:13)
  A wretched star (Abyss:3)
  A deep troll (shapeshifter) (D:15)
  5 steelbarb worms
  A sun moth (Spider:1)
  A goliath frog (Lair:5)
  9 orb spiders
  A pharaoh ant (Spider:3)
  9 deep trolls (Vaults:1)
  4 wizards
  3 lindwurms (Vaults:1)
  3 ironbound convokers (Vaults:1)
  A sphinx zombie (Vaults:1)
  4 necromancers
  2 orc knights
  A deep elf pyromancer (D:12)
  6 cyclopes
  2 moths of wrath
  10 ugly things
  2 orc sorcerers (Orc:2)
  15 wolf spiders
  8 elephants
  3 manticores
  A worldbinder (Abyss:3)
  3 vault sentinels (Vaults:1)
  3 black mambas (Lair:5)
  12 cane toads
  4 torpor snails
  An orange demon (Lair:2)
  5 gargoyles
  3 rime drakes
  A minotaur zombie (Gauntlet)
  A yaktaur zombie (Vaults:1)
  10 demonic crawlers
  7 komodo dragons
  2 efreet (D:13)
  5 tengu conjurers (D:14)
  A freezing wraith (D:14)
  2 tyrant leeches
  3 trolls
  A troll (shapeshifter) (Gauntlet)
  A polar bear (Lair:4)
  A meliai (Spider:3)
  A hornet (D:9)
  2 raiju (Abyss:3)
  17 tarantellas
  20 blink frogs
  6 slime creatures (Vaults:1)
  19 jumping spiders
  A shadow (D:12)
  17 culicivoras
  4 starcursed masses (Abyss:3)
  A wyvern (Lair:4)
  A vampire (D:12)
  28 yaks
  2 wraiths (D:12)
  4 basilisks
  2 fire bats (Gauntlet)
  14 humans (D:13)
  3 vampire mosquitoes (Lair:5)
  Eustachio (D:4)
  36 redbacks
  A steam dragon (D:12)
  A neqoxec (Abyss:3)
  Menkaure (D:4)
  2 acid dragons (D:10)
  2 swamp worms (Gauntlet)
  9 water moccasins
  4 large abominations (Abyss:3)
  2 black bears
  16 orc warriors
  An ice beast (D:6)
  2 sky beasts (D:12)
  4 ogres
  6 wolves
  3 centaurs
  4 kobold brigands
  7 bullfrogs
  2 gnoll sergeants
  2 scorpions
  A human skeleton (Vaults:1)
  A two-headed ogre simulacrum (D:11)
  9 wights
  4 killer bees (D:9)
  15 electric eels
  A centaur zombie (Ossuary)
  A lava snake (Lair:4)
  A quasit (Abyss:3)
  2 hounds
  3 jellies
  A gnoll bouda (Orc:2)
  26 orc priests
  An iron imp (Abyss:3)
  5 iguanas
  Ijyb (D:4)
  6 hell rats
  17 orc wizards
  2 mummies (Ossuary)
  Robin (D:4)
  15 gnolls
  5 adders
  An adder (shapeshifter) (Vaults:1)
  5 river rats
  3 white imps
  An ufetubus (D:6)
  A worm (D:2)
  A dart slug (D:5)
  63 orcs
  6 ball pythons
  6 endoplasms
  6 giant cockroaches
  12 goblins
  6 hobgoblins
  A jackal (Sewer)
  25 kobolds
  6 quokkas
  5 bats
  A frilled lizard (D:2)
  2 gnoll zombies (Ossuary)
  A goblin zombie (Ossuary)
  A hobgoblin zombie (Ossuary)
  2 kobold zombies (Ossuary)
  An orc zombie (Ossuary)
  8 rats
778 creatures vanquished.

Vanquished Creatures (collateral kills)
  A tentacled starspawn (Abyss:3)
  A nagaraja (Vaults:1)
  A fire giant (D:15)
  A deep elf sorcerer (Vaults:1)
  An emperor scorpion (Spider:4)
  Louise (Spider:3)
  4 ironbound preservers (Vaults:1)
  A ghost moth (Spider:1)
  An angel (Abyss:3)
  2 stone giants
  A minotaur (Gauntlet)
  An ettin (Vaults:1)
  A blizzard demon (Abyss:3)
  2 entropy weavers
  A vault guard (Vaults:1)
  A yaktaur captain (Vaults:1)
  6 hydras
  A radroach (Spider:4)
  A centaur warrior (Vaults:1)
  4 boulder beetles
  2 two-headed ogres
  A deep troll earth mage (Vaults:1)
  An orc high priest (Orc:2)
  Nergalle (Lair:2)
  2 wretched stars (Abyss:3)
  Amaemon (Lair:2)
  A sun moth (Spider:4)
  2 pharaoh ants
  A sixfirhy (Abyss:3)
  3 orb spiders
  2 steelbarb worms
  2 deep trolls (Vaults:1)
  2 lindwurms (Vaults:1)
  A shining eye (Abyss:3)
  5 ugly things
  A manticore (D:12)
  2 elephants (Lair:5)
  An elf zombie (Vaults:1)
  A cyclops (D:13)
  5 wolf spiders
  An apocalypse crab (Abyss:3)
  4 black mambas
  A torpor snail (Spider:1)
  A gargoyle (D:9)
  3 cane toads (Lair:5)
  2 demonic crawlers (Spider:2)
  3 komodo dragons
  2 efreet
  A minotaur zombie (Gauntlet)
  A polar bear (Lair:5)
  2 meliai (Spider:3)
  12 tarantellas
  A troll (shapeshifter) (D:13)
  A tyrant leech (Lair:5)
  A snapping turtle (Lair:3)
  2 slime creatures (Vaults:1)
  A raiju (Abyss:3)
  6 blink frogs
  8 jumping spiders
  2 large abominations (Abyss:3)
  10 culicivoras
  4 small abominations (Abyss:3)
  A shadow (D:12)
  8 yaks
  A fire bat (Gauntlet)
  3 wraiths
  A wyvern (Lair:3)
  2 steam dragons
  A basilisk (D:12)
  2 humans (D:13)
  15 redbacks
  A warg (Orc:1)
  2 vampire mosquitoes (Lair:5)
  An acid dragon (D:13)
  3 water moccasins
  A sky beast (D:12)
  A glowing shapeshifter skeleton (Vaults:1)
  5 orc warriors
  2 ogres
  2 wolves (Lair:4)
  2 bullfrogs
  2 wights (D:8)
  2 killer bees (D:9)
  A starcursed mass (Abyss:3)
  3 lava snakes (Lair:4)
  A jelly (D:7)
  6 orc priests
  An iron imp (Abyss:3)
  13 orc wizards
  A spriggan simulacrum (D:11)
  3 hell rats (Lair:4)
  A troll simulacrum (D:11)
  7 gnolls
  A naga simulacrum (D:11)
  A white imp (D:7)
  28 orcs
264 creatures vanquished.

Vanquished Creatures (others)
  A wolf spider (Spider:4)
  An orc priest (Orc:2)
  19 knights
  An ancestor (D:6)
  4 orcs (D:7)
  4 bushes (Lair:5)
  25 fungi
  89 plants
  9 starspawn tentacles
  17 toadstools (Lair:3)
  6 withered plants (D:4)
176 creatures vanquished.

Grand Total: 1218 creatures vanquished

Notes
Turn   | Place    | Note
-------+----------+-------------------------------------------
     0 | D:1      | sleeves the Octopode Fighter began the quest for the Orb.
     0 | D:1      | Reached XP level 1. HP: 16/16 MP: 1/1
   148 | D:1      | Reached XP level 2. HP: 17/21 MP: 2/2
   239 | D:1      | Reached skill level 3 in Long Blades
   241 | D:1      | Reached XP level 3. HP: 14/26 MP: 3/3
  1115 | D:2      | Identified the amulet "Owef Gaiqebb" {rPois Will- Regen+
                  | Dex+4}
  1160 | D:2      | Reached skill level 4 in Long Blades
  1368 | D:2      | Reached XP level 4. HP: 31/31 MP: 4/4
  1550 | D:2      | HP: 9/31 [gnoll/+1 vorpal spear (9)]
  2094 | D:3      | Reached skill level 5 in Long Blades
  2105 | D:3      | Found a glowing drain.
  2108 | D:3      | Reached XP level 5. HP: 36/36 MP: 5/5
  2113 | Sewer    | Entered a sewer
  2175 | Sewer    | Noticed a kobold brigand
  2176 | Sewer    | Noticed a kobold brigand
  2195 | Sewer    | Killed a kobold brigand
  2200 | Sewer    | Killed a kobold brigand
  2201 | Sewer    | Reached skill level 6 in Long Blades
  2201 | Sewer    | Reached XP level 6. HP: 37/42 MP: 6/6
  2225 | Sewer    | Found a white marble altar of Elyvilon.
  2737 | D:4      | Found an ancient bone altar of Kikubaaqudgha.
  2759 | D:4      | Noticed Eustachio
  2778 | D:4      | Killed Eustachio
  2779 | D:4      | Reached skill level 7 in Long Blades
  2779 | D:4      | Reached XP level 7. HP: 41/46 MP: 7/7
  2863 | D:4      | Noticed Ijyb
  2879 | D:4      | Killed Ijyb
  2880 | D:4      | Reached skill level 8 in Long Blades
  3077 | D:4      | HP: 21/44 [wight/+0 halberd (4)]
  3077 | D:4      | HP: 7/43 [wight/+0 halberd (4)]
  3168 | D:4      | Reached skill level 9 in Long Blades
  3168 | D:4      | Reached XP level 8. HP: 50/52 MP: 8/8
  3435 | D:4      | Found a staircase to the Ecumenical Temple.
  3449 | Temple   | Entered the Ecumenical Temple
  3499 | Temple   | Became a worshipper of Hepliaklqana the Forgotten
  3570 | D:4      | Noticed Menkaure
  3580 | D:4      | Killed Menkaure
  3636 | D:4      | Identified the +0 helmet of Baldness {Slay+2}
  3636 | D:4      | Noticed Robin
  3663 | D:4      | Killed Robin
  3850 | D:5      | Entered Level 5 of the Dungeon
  3944 | D:5      | Reached skill level 10 in Long Blades
  4256 | D:5      | Found a sand-covered staircase.
  4260 | Ossuary  | Entered an ossuary
  4678 | D:6      | Reached * piety under Hepliaklqana
  4758 | D:6      | HP: 18/46 [orc priest/nerve-wracking pain (12)]
  4759 | D:6      | HP: 4/46 [orc priest/divine providence (15)]
  4776 | D:6      | Reached skill level 11 in Long Blades
  4778 | D:6      | HP: 20/46 [orc priest/nerve-wracking pain (7)]
  4783 | D:6      | HP: 10/46 [acid (1)]
  4788 | D:6      | HP: 7/46 [orc priest/divine providence (9)]
  4822 | D:6      | Reached XP level 9. HP: 48/50 MP: 9/9
  5285 | D:7      | Reached skill level 12 in Long Blades
  5388 | D:7      | Reached ** piety under Hepliaklqana
  5390 | D:7      | Remembered your ancestor Servia as a knight
  5398 | D:7      | HP: 21/50 [orc/+0 flail (6)]
  5472 | D:7      | Found Moczye Aront's General Store.
  5580 | D:7      | Found a hide-covered altar of Uskayaw.
  5580 | D:7      | Found a shimmering blue altar of Sif Muna.
  5777 | D:8      | Noticed a two-headed ogre
  5782 | D:8      | HP: 20/50 [orc priest/divine providence (14)]
  5906 | D:7      | HP: 16/50 [gnoll sergeant/+0 spear (11)]
  5918 | D:7      | HP: 21/50 [gnoll sergeant/+0 spear (10)]
  5919 | D:7      | HP: 10/50 [gnoll sergeant/+0 spear (12)]
  5921 | D:7      | HP: 4/50 [gnoll sergeant/+0 spear (7)]
  5923 | D:7      | Reached skill level 13 in Long Blades
  6027 | D:8      | HP: 25/50 [orc priest/divine providence (13)]
  6127 | D:8      | HP: 25/50 [gnoll sergeant/+0 trident (16)]
  6195 | D:8      | HP: 24/50 [gnoll sergeant/+0 trident (7)]
  6297 | D:8      | Found a runed translucent gate.
  6297 | D:8      | Found a runed translucent gate.
  6297 | D:8      | Found a runed translucent gate.
  6306 | D:8      | Reached XP level 10. HP: 55/56 MP: 10/10
  6388 | D:8      | Reached skill level 4 in Fighting
  6388 | D:8      | Reached skill level 4 in Shields
  6390 | D:8      | HP: 24/56 [yak (14)]
  6605 | D:8      | Noticed a ten-headed hydra
  6606 | D:8      | Noticed a ten-headed hydra
  6606 | D:8      | Noticed hgbash's ghost (novice DsNe)
  6752 | D:9      | HP: 28/58 [killer bee (3)]
  6793 | D:9      | Noticed a two-headed ogre
  6811 | D:9      | Noticed a gargoyle
  6815 | D:9      | HP: 18/58 [gargoyle/+0 mace (23)]
  6818 | D:9      | Killed a gargoyle
  6843 | D:9      | Reached skill level 5 in Fighting
  6843 | D:9      | Reached skill level 14 in Long Blades
  6843 | D:9      | Reached skill level 5 in Shields
  6856 | D:9      | Noticed a gargoyle
  6863 | D:9      | Killed a gargoyle
  6880 | D:9      | Noticed a gargoyle
  6888 | D:9      | Killed a gargoyle
  6915 | D:9      | Noticed a gargoyle
  6920 | D:9      | HP: 24/60 [gargoyle/+0 flail (15)]
  6924 | D:9      | Killed a gargoyle
  6955 | D:9      | Noticed a gargoyle
  6964 | D:9      | Killed a gargoyle
  6965 | D:9      | Reached skill level 6 in Fighting
  6965 | D:9      | Reached skill level 6 in Shields
  7052 | D:9      | Killed a two-headed ogre
  7053 | D:9      | Reached XP level 11. HP: 66/66 MP: 11/11
  7216 | D:9      | Reached *** piety under Hepliaklqana
  7405 | D:9      | Reached skill level 7 in Fighting
  7777 | D:10     | Entered Level 10 of the Dungeon
  7877 | D:10     | Found a staircase to the Lair.
  7877 | D:10     | Noticed a death yak
  7877 | D:10     | Noticed a death yak
  7902 | D:10     | Reached skill level 7 in Shields
  7913 | D:10     | HP: 28/67 [acid dragon/splash of acid (22)]
  7943 | D:10     | HP: 10/67 [death yak (26)]
  7947 | D:10     | Killed a death yak
  8062 | D:10     | Identified the +2 ring mail of the Albatross {rPois rCorr
                  | Dex-3 Slay+4}
  8098 | D:10     | Found a staircase to the Orcish Mines.
  8250 | D:10     | Noticed a death yak
  8312 | D:10     | Killed a death yak
  8330 | D:10     | Killed a death yak
  8331 | D:10     | Reached skill level 8 in Fighting
  8331 | D:10     | Reached skill level 8 in Shields
  8644 | D:11     | Noticed a cyclops
  8651 | D:11     | Killed a cyclops
  8676 | D:11     | Reached **** piety under Hepliaklqana
  8700 | D:11     | Noticed a boulder beetle
  8700 | D:11     | Found a frozen archway.
  8812 | D:11     | Noticed a manticore
  8885 | Lair:1   | Entered Level 1 of the Lair of Beasts
  8909 | Lair:1   | You fall into a shaft and drop 1 floor!
  8909 | Lair:2   | Noticed Amaemon
  8933 | Lair:2   | Noticed a four-headed hydra
  8947 | Lair:2   | HP: 29/70 [four-headed hydra (10)]
  8949 | Lair:2   | Killed a four-headed hydra
  8950 | Lair:2   | Reached skill level 9 in Fighting
  8950 | Lair:2   | Reached skill level 9 in Shields
  9219 | Lair:2   | Found a dark tunnel.
  9340 | Lair:1   | Reached XP level 12. HP: 78/78 MP: 12/12
  9426 | Lair:1   | Reached skill level 10 in Fighting
  9426 | Lair:1   | Reached skill level 10 in Shields
  9831 | Lair:2   | Found a hole to the Spider Nest.
  9833 | Lair:2   | Noticed Nergalle
  9907 | Lair:2   | Killed Nergalle
  9968 | Lair:2   | Reached ***** piety under Hepliaklqana
 10112 | Lair:2   | Found a runed translucent gate.
 10112 | Lair:2   | Found a runed translucent gate.
 10113 | Lair:2   | Found a runed translucent gate.
 10117 | Lair:2   | Noticed Darkkill's ghost (journeyman MiHu)
 10118 | Lair:2   | Noticed a minotaur
 10183 | Lair:2   | Killed Amaemon
 10187 | Lair:2   | Reached skill level 1 in Invocations
 10467 | Lair:2   | Found a white marble altar of Elyvilon.
 10676 | Lair:3   | Reached skill level 2 in Invocations
 10734 | Lair:3   | Noticed a five-headed hydra
 10743 | Lair:3   | HP: 35/80 [five-headed hydra (11)]
 10745 | Lair:3   | Killed a five-headed hydra
 10817 | Lair:3   | Noticed an eight-headed hydra
 10821 | Lair:3   | Noticed a four-headed hydra
 10874 | Lair:3   | HP: 32/80 [eight-headed hydra (15)]
 10877 | Lair:3   | Killed an eight-headed hydra
 10878 | Lair:3   | Reached skill level 4 in Dodging
 10995 | Lair:2   | Reached skill level 3 in Invocations
 11132 | Lair:3   | Found a blossoming altar of Fedhas.
 11231 | Lair:3   | Reached skill level 11 in Fighting
 11231 | Lair:3   | Reached skill level 11 in Shields
 11348 | Lair:3   | Killed a six-headed hydra
 11578 | Lair:3   | Found a staircase to the Shoals.
 11587 | Lair:3   | Reached skill level 4 in Invocations
 11591 | Lair:3   | Learned a level 3 spell: Ozocubu's Armour
 11668 | Lair:3   | Reached skill level 5 in Dodging
 11842 | Lair:3   | Reached skill level 1 in Ice Magic
 11884 | Lair:4   | Reached XP level 13. HP: 70/85 MP: 16/16
 11931 | Lair:4   | Reached skill level 2 in Ice Magic
 11963 | Lair:4   | Noticed Urug
 11981 | Lair:4   | Killed Urug
 11982 | Lair:4   | Reached skill level 5 in Invocations
 12043 | Lair:4   | Reached skill level 3 in Ice Magic
 12054 | Lair:4   | HP: 42/85 [yak (13)]
 12115 | Lair:4   | Noticed Rupert
 12200 | Lair:4   | Found a viscous altar of Jiyva.
 12200 | Lair:4   | Found a staircase to the Slime Pits.
 12517 | Lair:4   | Reached skill level 6 in Invocations
 12698 | Lair:4   | Reached skill level 4 in Ice Magic
 12706 | Lair:4   | HP: 39/85 [electric eel/bolt of electricity (12)]
 13057 | Lair:5   | Entered Level 5 of the Lair of Beasts
 13164 | Lair:5   | Reached skill level 12 in Shields
 13268 | Lair:5   | Reached skill level 5 in Ice Magic
 13274 | Lair:5   | Reached skill level 7 in Invocations
 13275 | Lair:5   | HP: 36/85 [cane toad (21)]
 13281 | Lair:5   | HP: 21/85 [blink frog (14)]
 13536 | Lair:5   | HP: 29/85 [cane toad (22)]
 13577 | Lair:5   | Reached skill level 6 in Ice Magic
 13586 | Lair:5   | HP: 41/85 [poisoned by a cane toad]
 13591 | Lair:5   | HP: 32/85 [poisoned by a cane toad]
 13596 | Lair:5   | HP: 32/85 [poisoned by a cane toad]
 13690 | Lair:5   | Reached skill level 8 in Invocations
 13844 | Lair:4   | Reached XP level 14. HP: 88/90 MP: 16/20
 13917 | Lair:5   | HP: 39/90 [six-headed hydra (9)]
 13923 | Lair:5   | HP: 19/90 [six-headed hydra (7)]
 14002 | Lair:5   | Reached skill level 13 in Shields
 14086 | Lair:5   | Reached skill level 7 in Ice Magic
 14178 | Lair:5   | Reached skill level 9 in Invocations
 14192 | Lair:5   | HP: 44/90 [elephant (17)]
 14197 | Lair:5   | HP: 38/90 [elephant (10)]
 15018 | Orc:1    | Entered Level 1 of the Orcish Mines
 15035 | Orc:1    | HP: 45/90 [orc warrior/bolt (14)]
 15040 | Orc:1    | HP: 22/90 [warg (10)]
 15138 | Orc:1    | Reached ****** piety under Hepliaklqana
 15325 | Orc:1    | HP: 44/90 [troll (6)]
 15332 | Orc:1    | HP: 20/90 [orc knight/bolt (24)]
 15345 | Orc:1    | Found Woanyc's Antique Armour Shop.
 15352 | Orc:1    | HP: 38/90 [orc warrior/+0 dire flail (4)]
 15364 | Orc:1    | HP: 37/90 [orc priest/divine providence (11)]
 15372 | Orc:1    | HP: 31/90 [orc priest/divine providence (14)]
 15549 | Orc:2    | Entered Level 2 of the Orcish Mines
 15549 | Orc:2    | Noticed Sonja
 15560 | Orc:2    | Killed Sonja
 15703 | Orc:1    | HP: 43/90 [orc knight/+0 battleaxe (13)]
 15921 | Orc:1    | Reached skill level 8 in Ice Magic
 16253 | Orc:2    | Reached skill level 10 in Invocations
 16345 | Orc:2    | Found a staircase to the Elven Halls.
 16415 | Orc:2    | Noticed Jorgrun
 16535 | Orc:2    | Reached skill level 14 in Shields
 16540 | Orc:2    | Found Royl's Antique Armour Shoppe.
 16540 | Orc:2    | Found Ymasaof's General Store.
 16540 | Orc:2    | Found Larpha Cuene's Magic Scroll Emporium.
 16544 | Orc:2    | Found Ukkeopypt's Distillery.
 16562 | Orc:2    | Bought a scroll of blinking for 112 gold pieces
 16619 | Orc:2    | Killed Jorgrun
 16705 | Orc:2    | HP: 45/90 [orc warrior/+0 trident[an orc knight] (7)]
 17131 | D:11     | HP: 45/90 [boulder beetle (24)]
 17234 | D:11     | Reached skill level 1 in Stealth
 17575 | D:11     | Reached skill level 2 in Stealth
 17777 | D:12     | Found a gate leading to a gauntlet.
 17808 | Gauntlet | Entered a Gauntlet
 17808 | Gauntlet | Found a transporter.
 17808 | Gauntlet | Found a transporter.
 17808 | Gauntlet | Found a transporter.
 17812 | Gauntlet | Found a transporter.
 17815 | Gauntlet | Found a transporter.
 17815 | Gauntlet | Found a transporter.
 17825 | Gauntlet | Found a transporter.
 17829 | Gauntlet | Found a transporter.
 17841 | Gauntlet | Found a transporter.
 17847 | Gauntlet | Found a transporter.
 17868 | Gauntlet | Found a transporter.
 17868 | Gauntlet | Found a transporter.
 18074 | Gauntlet | Identified the ring "Exoahed" {Will+ Dex+2}
 18135 | Gauntlet | Reached skill level 3 in Stealth
 18142 | Gauntlet | Reached XP level 15. HP: 86/96 MP: 19/22
 18454 | D:12     | Reached skill level 4 in Stealth
 18635 | D:12     | Reached skill level 6 in Dodging
 18746 | D:12     | Noticed Nessos
 18761 | D:12     | Nessos changed into Nessos the yak
 18761 | D:12     | Noticed Nessos
 18765 | D:12     | Killed Nessos the yak
 18849 | D:12     | Identified the +7 mace of Nightmares {vorpal, rF+ Dex+3}
 18870 | D:12     | Reached skill level 15 in Shields
 19187 | D:13     | HP: 42/96 [seven-headed hydra (14)]
 19258 | D:13     | Reached skill level 5 in Stealth
 19355 | D:13     | HP: 27/97 [something (28)]
 19356 | D:13     | HP: 8/97 [something (20)]
 19670 | D:13     | Reached skill level 6 in Stealth
 19930 | D:13     | Reached skill level 12 in Fighting
 19960 | D:13     | Reached skill level 7 in Dodging
 20068 | D:13     | Reached skill level 7 in Stealth
 20135 | D:13     | Identified the +1 trident of Amorality {speed, *Rage rPois
                  | SInv}
 20241 | D:13     | Found a gate to the Vaults.
 20745 | D:14     | Reached skill level 8 in Stealth
 20896 | D:14     | Found an opulent altar of Gozag.
 21091 | D:15     | Entered Level 15 of the Dungeon
 21107 | D:15     | Found a staircase to the Depths.
 21107 | D:15     | Noticed a fire giant
 21144 | D:15     | Reached skill level 8 in Dodging
 21178 | D:15     | Killed a fire giant
 21398 | D:15     | Reached skill level 9 in Stealth
 21516 | D:15     | Found a glowing silver altar of Zin.
 21878 | D:15     | Found a portal to a secret trove of treasure.
 22083 | Spider:1 | Entered Level 1 of the Spider Nest
 22094 | Spider:1 | Reached XP level 16. HP: 104/104 MP: 23/23
 22117 | Spider:1 | Reached skill level 13 in Fighting
 22147 | Spider:1 | Reached skill level 10 in Stealth
 22388 | Spider:1 | Reached skill level 9 in Dodging
 22654 | Spider:1 | Reached skill level 11 in Stealth
 23294 | Spider:2 | Found a transporter.
 23296 | Spider:2 | Found a transporter.
 23530 | Spider:2 | HP: 53/106 [redback (12)]
 23531 | Spider:2 | Reached skill level 10 in Dodging
 23531 | Spider:2 | Reached skill level 12 in Stealth
 23683 | Spider:2 | Reached skill level 14 in Fighting
 24164 | Spider:3 | Noticed Louise
 24198 | Abyss:3  | Cast into level 3 of the Abyss (Louise)
 24224 | Abyss:3  | Found a corrupted altar of Lugonu.
 24298 | Abyss:3  | Noticed a tentacled starspawn
 24538 | Abyss:3  | Reached skill level 13 in Stealth
 24632 | Abyss:3  | HP: 41/84 [blizzard demon/bolt of lightning (28)]
 24652 | Abyss:3  | Reached XP level 17. HP: 65/100 MP: 24/24
 24746 | Abyss:3  | Noticed a tentacled starspawn
 24772 | Abyss:3  | Noticed a tentacled starspawn
 24788 | Abyss:3  | Killed a tentacled starspawn
 24846 | Abyss:3  | Reached skill level 11 in Dodging
 24851 | Spider:3 | Escaped the Abyss
 24863 | Spider:3 | Killed Louise
 24940 | Spider:3 | Noticed Bai Suzhen
 25062 | Spider:3 | HP: 53/113 [spark wasp (16)]
 25209 | Spider:3 | Reached skill level 14 in Stealth
 25750 | Spider:3 | Reached skill level 15 in Fighting
 26320 | Spider:4 | Entered Level 4 of the Spider Nest
 26365 | Spider:4 | Reached skill level 15 in Stealth
 26397 | Spider:4 | Reached skill level 12 in Dodging
 26668 | Spider:4 | Noticed Agnes
 26675 | Spider:4 | Killed Agnes
 26950 | Spider:4 | Noticed Mlioglotl
 26958 | Spider:4 | Noticed a tentacled starspawn
 27025 | Spider:4 | HP: 49/114 [Mlioglotl (21)]
 27026 | Spider:4 | Killed Mlioglotl
 27354 | Spider:4 | Reached skill level 16 in Stealth
 27716 | Spider:4 | Got a gossamer rune of Zot
 27861 | Spider:4 | HP: 53/114 [emperor scorpion (6)]
 27882 | Spider:4 | Reached skill level 13 in Dodging
 28028 | Spider:4 | HP: 54/114 [ghost moth (15)]
 28349 | Vaults:1 | Entered Level 1 of the Vaults
 28354 | Vaults:1 | Reached XP level 18. HP: 120/120 MP: 25/25
 28403 | Vaults:1 | Reached skill level 17 in Stealth
 28407 | Vaults:1 | Identified the +1 scale mail of the Equinox {*Corrode Str+6
                  | Dex+7}
 28750 | Vaults:1 | Reached skill level 14 in Dodging
 29035 | Vaults:1 | HP: 42/120 [tengu reaver/bolt of cold (46)]
 29056 | Vaults:1 | HP: 34/120 [tengu reaver/+0 war axe (20)]
 29176 | Vaults:1 | HP: 56/120 [deep troll[an ironbound preserver] (23)]
 29304 | Vaults:1 | Reached skill level 15 in Dodging
 29327 | Vaults:1 | Got the Codex of the Figure and Ice
 29987 | Vaults:1 | HP: 58/120 [tengu reaver/bolt of acid (43)]
 29989 | Vaults:1 | HP: 26/120 [tengu reaver/+0 great sword of holy wrath (7)]
 29994 | Vaults:1 | HP: 49/120 [poisoned by a tengu reaver (bolt of poison)]
 29996 | Vaults:1 | Reached skill level 16 in Shields
 30129 | Vaults:1 | HP: 45/120 [nagaraja/+0 spear (16)]
 30140 | Vaults:1 | HP: 57/120 [deep troll[an ironbound preserver] (6)]
 30150 | Vaults:1 | HP: 58/120 [deep troll[an ironbound preserver] (9)]
 30159 | Vaults:1 | HP: 56/120 [constriction (10)]
 30161 | Vaults:1 | Noticed Asterion
 30179 | Vaults:1 | HP: 54/120 [adder (glowing shapeshifter) (1)]
 30184 | Vaults:1 | HP: 54/120 [poisoned by an adder]
 30611 | Vaults:1 | HP: 50/120 [Asterion/+5 morningstar of protection (43)]
 30617 | Vaults:1 | HP: 26/116 [Asterion/bolt of negative energy (16)]
 30624 | Vaults:1 | HP: 1/116 [Asterion/bolt of lightning (31)]
 30626 | Vaults:1 | Killed from afar by Asterion

Illustrated notes

Levels and vault maps discovered:
D:1:      dpeg_arrival_round_b, layout_basic
D:2:      layout_loops_ring
D:3:      layout_loops_corners, gup_sewer_entry_bubbles
D:4:      layout_basic, kiku_gazebo_garden_becter, temple_pool_b, uniq_robin,
          uniq_eustachio, uniq_menkaure, uniq_ijyb
D:5:      layout_rooms, enter_ossuary_5, grunt_ministairs_11
D:6:      layout_basic
D:7:      layout_rooms, amethyst_overflow_temple_binary, serial_shops, shop
D:8:      layout_rooms, gammafunk_ghost_hydra_chop
D:9:      cheibrodos_statue_roulette, layout_grid_maze
D:10:     layout_small_grid, dpeg_lair_monsters, orc_0_dummy
D:11:     layout_stronghold, portal_ice_cave_entry_ice_simulacra
D:12:     layout_loops_corners, gauntlet_entry_generic, hangedman_decor_push,
          hangedman_misty_isle, uniq_nessos
D:13:     layout_basic, grunt_vaults_entry_tiered, minmay_evil_grid
D:14:     layout_loops_ring, nicolae_gozag_seed_capital
D:15:     grunt_enter_depths_giant_problem, layout_stronghold, enter_trove_3,
          wad_floor_pattern_1, zin_academy
Temple:   hellmonk_temple_of_storms
Lair:1:   layout_misc_corridors
Lair:2:   layout_cave_pods, spider_nest_entry_rubble,
          maelrawn_ghost_gauntlet_escape, enter_volcano_4, basic_altar,
          uniq_nergalle, uniq_amaemon
Lair:3:   layout_regular_city, minmay_shoals_entry_hut, tgw_fedhas
Lair:4:   layout_regular_city, minmay_slime_entry_oklob_open, st_stairs_13,
          minmay_holes, nicolae_lair_liquid_snakes, uniq_rupert, uniq_urug
Lair:5:   minmay_lair_end_frog_pond, layout_loops_ring
Spider:1: layout_spider_delve
Spider:2: gammafunk_sealed_arena
Spider:3: layout_chambers, nicolae_spider_cling_halls, uniq_bai_suzhen,
          uniq_louise
Spider:4: guppyfry_spider_rune, uniq_agnes, uniq_mlioglotl
Orc:1:    layout_caves, serial_shops, nicolae_shop_hallway_plus, mines2_david
Orc:2:    st_orc_mages, layout_caves, uniq_sonja, uniq_jorgrun
Vaults:1: vaults_mumra_hexcomb, vaults_standard_mumra_lines,
          nicolae_vaults_alarming, st_greater_box_5, vaults_dpeg_cross,
          v_misc_11, vaults_dpeg_emergency_exit, ontoclasm_vaults_gateway,
          layout_vaults_omnigrid, uniq_asterion

Skill      XL: |  1  2  3  4  5  6  7  8  9 10 11 12 13 14 15 16 17 18 |
---------------+-------------------------------------------------------+-----
Long Blades    | 3 4 5 6 7 9 11 13 14 | 14.0
Fighting       | 6 9 11 12 14 15 | 15.0
Shields        | 6 9 11 12 14 15 16 | 16.8
Invocations    | 4 8 10 | 10.0
Dodging        | 5 8 10 13 15 | 15.0
Ice Magic      | 1 6 8 |  8.0
Stealth        | 3 9 13 16 17 | 17.0

Action                   |  1- 3 |  4- 6 |  7- 9 | 10-12 | 13-15 | 16-18 || total
-------------------------+-------+-------+-------+-------+-------+-------++-------
Melee: Long sword        |    50 |    25 |       |       |       |       ||    75
       Tentacles         |    10 |    24 |    94 |   117 |   324 |   357 ||   926
       Constrict         |    11 |    25 |    74 |    50 |   166 |   162 ||   488
       Dagger            |       |    81 |   292 |    16 |    35 |       ||   424
       Punch             |       |     1 |     8 |     9 |    30 |    22 ||    70
       Falchion          |       |       |    11 |   343 |   789 |       ||  1143
       Scimitar          |       |       |       |       |   189 |  1024 ||  1213
Throw: Dart              |       |       |       |       |       |     1 ||     1
 Cast: Ozocubu's Armour  |       |       |       |       |     8 |     6 ||    14
Invok: Recall Ancestor   |       |       |     6 |    10 |    22 |    19 ||    57
       Ancestor Life: Kn |       |       |     1 |       |       |       ||     1
       Idealise          |       |       |       |       |     1 |     3 ||     4
       Transference      |       |       |       |       |       |     1 ||     1
Evoke: Wand              |       |       |       |    24 |    20 |     6 ||    50
  Use: Potion            |       |       |     3 |     2 |     3 |     7 ||    15
       Scroll            |       |       |       |    12 |    12 |    14 ||    38
 Stab: Sleeping          |     8 |     8 |    16 |     4 |    23 |    19 ||    78
       Distracted        |       |       |       |     3 |    15 |    22 ||    40
Armor: Skin              |     5 |    10 |    25 |    35 |    57 |    41 ||   173
Dodge: Dodged            |    30 |    29 |   152 |   178 |   466 |   830 ||  1685
Block: Buckler           |    10 |    11 |    62 |    22 |       |       ||   105
       Kite shield       |       |       |       |   131 |   562 |   739 ||  1432

Table legend: (Time is in decaauts)
 A = Elapsed time spent in this place.
 B = Non-inter-level travel time spent in this place.
 C = Inter-level travel time spent in this place.
 D = Time resting spent in this place.
 E = Time spent auto-exploring this place.
 F = Levels seen in this place.
 G = Mean time per level.
                   A        B        C        D        E       F      G
               +--------+--------+--------+--------+--------+-----+--------+
         Total |  29950 |  28186 |   1764 |   1097 |  19393 |  32 |  935.9 |
       Dungeon |  13001 |  12022 |    979 |    244 |   9271 |  15 |  866.7 |
        Temple |     70 |     33 |     37 |      0 |     18 |   1 |   70.0 |
          Lair |   5933 |   5514 |    419 |    175 |   3874 |   5 | 1186.6 |
   Spider Nest |   5396 |   5135 |    261 |    252 |   3471 |   4 | 1349.0 |
  Orcish Mines |   1894 |   1828 |     66 |     81 |   1045 |   2 |  947.0 |
        Vaults |   2210 |   2210 |      0 |     80 |   1338 |   1 | 2210.0 |
         Abyss |    622 |    622 |      0 |    146 |      8 |   1 |  622.0 |
         Sewer |    144 |    144 |      0 |      0 |     66 |   1 |  144.0 |
       Ossuary |    301 |    301 |      0 |    103 |    142 |   1 |  301.0 |
      Gauntlet |    374 |    374 |      0 |     14 |    160 |   1 |  374.0 |
               +--------+--------+--------+--------+--------+-----+--------+

Top non-repeatable levels by time:
Vaults:1: 2210 daAuts
Spider:4: 1710 daAuts
Spider:3: 1601 daAuts
  Lair:4: 1552 daAuts
    D:13: 1438 daAuts
  Lair:5: 1406 daAuts
  Lair:2: 1297 daAuts
     D:9: 1205 daAuts
   Orc:2: 1203 daAuts
  Lair:3: 1098 daAuts
Spider:2: 1087 daAuts
     D:3: 1056 daAuts
    D:12: 1002 daAuts
Spider:1: 997 daAuts
    D:10: 973 daAuts
